 Dungeon Crawl Stone Soup version 0.18-b1-23-gf76aad1 (webtiles) character file.

197 LORDOFBUTT the Ruffian (level 5, 50/50 HPs)
             Began as a Troll Berserker on May 4, 2016.
             Was a Believer of Trog.
             Quit the game on level 2 of the Dungeon.
             The game lasted 00:01:35 (1060 turns).

LORDOFBUTT the Ruffian (Troll Berserker)            Turns: 1060, Time: 00:01:36

Health: 50/50      AC:  5    Str: 25    XL:     5   Next: 46%
Magic:  4/4        EV: 10    Int:  3    God:    Trog [**....]
Gold:   38         SH:  0    Dex: 10    Spells: 0 memorised, 4 levels left

rFire  . . .     SeeInvis .       - Unarmed
rCold  . . .     Gourm    +     a - +0 animal skin
rNeg   . . .     Faith    .     (no shield)
rPois  .         Spirit   .     (helmet restricted)
rElec  .         Dismiss  .     (no cloak)
rCorr  .         Reflect  .     (gloves unavailable)
SustAt .         Harm     .     (boots unavailable)
MR     .....                    (no amulet)
Stlth  +.........               (no ring)
                                (no ring)

@: not resistant to hostile enchantments, very unstealthy
A: unfitting armour, claws 3, fast metabolism 3, gourmand, regeneration 2,
shaggy fur 1, tough skin 2
a: Berserk, Trog's Hand, Burn Spellbooks, Renounce Religion


You were on level 2 of the Dungeon.
You worshipped Trog.
Trog was pleased with you.
You were not hungry.

You visited 1 branch of the dungeon, and saw 2 of its levels.

You collected 38 gold pieces.

Inventory:

Armour
 a - a +0 animal skin (worn)
Scrolls
 c - a scroll of fear {unknown}
 d - a scroll of magic mapping {unknown}
 f - a scroll of random uselessness {unknown}
 g - a scroll of remove curse {unknown}
Potions
 e - a potion of flight {unknown}
Comestibles
 b - 2 bread rations


   Skills:
 - Level 2.5 Fighting
 - Level 2.4 Dodging
 + Level 1.1 Stealth
 * Level 5.8 Unarmed Combat


You had 4 spell levels left.
You didn't know any spells.

Dungeon Overview and Level Annotations

Branches:
Dungeon (2/15)

Altars:


Innate Abilities, Weirdness & Mutations

You are too large for most types of armour.
You have claws for hands.
Your metabolism is lightning-fast.
You like to eat raw meat.
You heal very quickly.
You are covered in fur (AC +1).
You have very tough skin (AC +2).


Message History

No target in view!
No target in view!
No target in view!
No target in view!
No target in view!
You now have 38 gold pieces (gained 18).
Found 16 stones.
There is a stone staircase leading down here.
A goblin comes into view.
The goblin shouts!
Found a stone staircase leading up.
You see here a scroll labeled BOVVAE LIUSOM.
A goblin is nearby!
You closely miss the goblin. The goblin closely misses you.
You claw the goblin!
You kill the goblin!
Trog accepts your kill.
No target in view!
No target in view!
Are you sure you want to abandon this character and quit the game? (Confirm with "yes".)

#.# #.# ###.#
#...#
####.#.######
###....>......#
..........###(#
###.......###<#
#....?.@....#
#.......###.#
#.......#
#.......#
##.###### #. ..
#.


There were no monsters in sight!

Vanquished Creatures
  Sigmund (D:2)
  A dart slug (D:1)
  2 giant geckos (D:1)
  5 bats
  A giant cockroach (D:1)
  2 goblins
  6 hobgoblins
  3 jackals (D:1)
  A kobold (D:2)
  2 quokkas (D:2)
  A ball python (D:1)
  3 giant newts
  4 rats (D:1)
32 creatures vanquished.

Notes
Turn   | Place    | Note
--------------------------------------------------------------
     0 | D:1      | LORDOFBUTT the Troll Berserker began the quest for the Orb.
     0 | D:1      | Reached XP level 1. HP: 22/22 MP: 0/0
   316 | D:1      | Reached XP level 2. HP: 29/29 MP: 1/1
   573 | D:1      | Reached ** piety under Trog
   791 | D:2      | Reached skill level 4 in Unarmed Combat
   791 | D:2      | Reached XP level 3. HP: 36/36 MP: 2/2
   810 | D:2      | Noticed Sigmund
   823 | D:2      | Killed Sigmund
   823 | D:2      | Reached skill level 1 in Stealth
   823 | D:2      | Reached skill level 5 in Unarmed Combat
   823 | D:2      | Reached XP level 4. HP: 44/44 MP: 3/3
   823 | D:2      | Reached XP level 5. HP: 50/50 MP: 4/4
  1060 | D:2      | Quit the game

Skill      XL: |  1  2  3 |
---------------+----------+-----
Unarmed Combat | 4 5 |  5.8
Stealth        | 1 |  1.1
Fighting       | |  2.5
Dodging        | |  2.4

Action                   |  1- 3 |  4- 6 || total
-------------------------+-------+-------++-------
Melee: Unarmed           |    52 |    15 ||    67
       Punch             |     2 |       ||     2
Invok: Berserk           |     1 |       ||     1
 Stab: Sleeping          |     3 |       ||     3
  Eat: Chunk             |     8 |     1 ||     9
Armor: Animal skin       |    20 |     4 ||    24
Dodge: Dodged            |    19 |     7 ||    26
